 Dungeon Crawl Stone Soup version 0.29-a0-234-g0dae59b3db (webtiles) character file.

Game seed: 15534673439120760511

962 fragbeetle the Transmogrifier (level 7, -3/49 (52) HPs)
             Began as a Black Draconian Transmuter on Mar 2, 2022.
             Was an Initiate of Gozag.
             Slain by a wight
             ... wielding a +4 falchion
              (10 damage)
             ... on level 6 of the Dungeon.
             The game lasted 00:07:30 (7110 turns).

fragbeetle the Transmogrifier (DrTm)                Turns: 7110, Time: 00:07:31

HP:   -3/49 (52)    AC:  7    Str: 13 (14) XL:     7   Next: 92%
MP:   10/10         EV: 12    Int: 12 (13) God:    Gozag
Gold: 472           SH:  5    Dex: 11 (12) Spells: 2/10 levels left

rFire   + . .      SeeInvis .     - Unarmed
rCold   . . .      Faith    .   (no shield)
rNeg    . . .      Spirit   .   (body armour unavailable)
rPois   .          Reflect  +   (helmet currently unavailable)
rElec   +          Harm     .   m - +0 cloak
rCorr   .          Rampage  .   (no gloves)
Will    .....                   (boots currently unavailable)
Stlth   +.........              l - amulet of reflection
HPRegen 0.16/turn               j - ring of protection from fire
MPRegen 0.12/turn               (no ring)

@: appendages, drained
A: horns 2, talons 2, breathe lightning, AC +6, unfitting armour, electricity
resistance, cold-blooded
a: Breathe Lightning, End Transformation, Renounce Religion, Potion Petition,
Call Merchant, Bribe Branch


You were on level 6 of the Dungeon.
You worshipped Gozag.
Gozag was aware of your devotion.
You had temporarily grown beastly horns and talons.
You visited 1 branch of the dungeon, and saw 6 of its levels.

You collected 549 gold pieces.
You paid 77 gold pieces to Gozag.

Inventory:

Missiles
 f - 14 poisoned darts
Armour
 m - a +0 cloak (worn)
Jewellery
 j - a ring of protection from fire (left hand)
 l - an amulet of reflection (around neck)
Scrolls
 a - a scroll of fog {unknown}
 c - 2 scrolls of immolation {unknown}
 d - 12 scrolls of identify {unknown}
 e - 2 scrolls of blinking {unknown}
 g - a scroll of enchant weapon {unknown}
 k - a scroll of fear {unknown}
 n - a scroll of magic mapping {unknown}
 r - 2 scrolls of amnesia {unknown}
 s - 2 scrolls of brand weapon {unknown}
 t - 2 scrolls of enchant armour {unknown}
 u - a scroll of teleportation {unknown}
Potions
 b - a potion of degeneration
 h - a potion of brilliance
 i - a potion of heal wounds
 o - a potion of lignification {unknown}
 p - a potion of flight {unknown}
 q - a potion of might {unknown}
 v - a potion of curing {unknown}
 w - a potion of mutation {unknown}


   Skills:
 - Level 1.1 Fighting
 - Level 1.7 Dodging
 - Level 3.0 Unarmed Combat
 - Level 2.0 Spellcasting
 + Level 8.0 Transmutations
 + Level 4.5 Ice Magic


You had 2 spell levels left.
You knew the following spells:

 Your Spells              Type           Power      Damage    Failure   Level
a - Beastly Appendage     Tmut           40%        N/A       1%          1
b - Spider Form           Tmut/Pois      10%        N/A       16%         3
c - Ice Form              Ice/Tmut       16%        N/A       21%         4

Your spell library contained the following spells:

 Spells                   Type           Power      Damage    Failure   Level
 Wereblood                Tmut           20%        N/A       1%          2
 Scorch                   Fire           2%         2d5       38%         2
 Flame Wave               Conj/Fire      1%         2d4       95%         4
 Fireball                 Conj/Fire      0%         3d3       100%        5
 Starburst                Conj/Fire      0%         6d3       100%        6
 Summon Cactus Giant      Summ           0%         N/A       100%        6
 Ignition                 Fire           0%         3d3       100%        8


Dungeon Overview and Level Annotations

Branches:
Dungeon (6/15)
 Temple: D:4-7

Altars:
Cheibriados
Elyvilon
Gozag
Okawaru
Trog
Xom

Shops:
D:5 (


Innate Abilities, Weirdness & Mutations

You have temporarily grown beastly horns and talons.
You can breathe wild blasts of lightning.
Your glossy black scales are hard. (AC +6)
You cannot fit into any form of body armour.
You are resistant to electric shocks. (rElec)
You are cold-blooded and may be slowed by cold attacks.


Message History

The wight completely misses you.
You hit the wight. Your kick misses the wight.
The wight is moderately damaged.
You closely miss the wight. Your headbutt misses the wight.
You tail-slap the wight, but do no damage.
The wight is moderately damaged.
The wight hits you with a +4 falchion!
You barely miss the wight. You claw the wight, but do no damage.
The wight is moderately damaged.
The wight hits you with a +4 falchion.
You feel drained.
You hit the wight but do no damage. You tail-slap the wight.
The wight is heavily damaged.
You block the wight's attack.
You hit the wight but do no damage. You claw the wight, but do no damage.
You headbutt the wight.
The wight is severely damaged.
The wight hits you with a +4 falchion!
You feel drained.
You are too injured to fight recklessly!
You are too injured to fight recklessly!
You are too injured to fight recklessly!
You are too injured to fight recklessly!
You are too injured to fight recklessly!
You are too injured to fight recklessly!
You closely miss the wight. You claw the wight, but do no damage.
You tail-slap the wight, but do no damage.
The wight is severely damaged.
The wight hits you but does no damage.
You hit the wight but do no damage. You claw the wight, but do no damage.
The wight is severely damaged.
The wight hits you with a +4 falchion.
You feel drained.
You closely miss the wight. You claw the wight, but do no damage.
Your headbutt misses the wight. You tail-slap the wight.
The wight is almost destroyed.
The wight hits you with a +4 falchion!
* * * LOW HITPOINT WARNING * * *
You closely miss the wight. You claw the wight. Your headbutt misses the wight.
The wight is almost destroyed.
The wight hits you with a +4 falchion!
You die...
Your body crumbles into a pile of gold.

####### #.....####
#.....#..# #.....'..#
#.....##.# ####
#..@...#.######..#
#.z....#.........#
#......#..§......#
........#.PP§.....#
#..#.....#..§§.....###
...###.......§8.§§.....
##.. #..##..8P§§§§.....
## ..###....#..§.....
..##.....#........


You could see a wight.

Vanquished Creatures
  A water moccasin (D:5)
  A sky beast (D:5)
  A phantom (D:5)
  A necrophage (D:4)
  Blork the orc (D:5)
  2 scorpions
  2 centaur zombies (D:6)
  A jelly (D:4)
  2 orc priests (D:5)
  A bullfrog skeleton (D:6)
  An iguana (D:5)
  A killer bee zombie (D:6)
  10 adders
  4 gnolls (D:2)
  A shadow imp (D:6)
  A white imp (D:4)
  3 worms
  A dart slug (D:3)
  9 orcs
  9 endoplasms
  2 giant cockroaches
  6 goblins
  3 hobgoblins
  A quokka (D:2)
  5 ball pythons
  3 bats
  4 frilled lizards (D:1)
  4 kobolds
  5 rats
86 creatures vanquished.

Notes
Turn   | Place    | Note
-------+----------+-------------------------------------------
     0 | D:1      | fragbeetle the Draconian Transmuter began the quest for the
                  | Orb.
     0 | D:1      | Reached XP level 1. HP: 16/16 MP: 3/3
   426 | D:1      | Reached XP level 2. HP: 17/23 MP: 3/5
   736 | D:1      | Reached skill level 3 in Transmutations
   926 | D:2      | Found a faded altar of an unknown god.
  1247 | D:2      | Reached XP level 3. HP: 21/28 MP: 4/6
  1455 | D:2      | Reached skill level 4 in Transmutations
  1739 | D:2      | Reached XP level 4. HP: 31/35 MP: 7/7
  2105 | D:2      | Learned a level 3 spell: Spider Form
  2551 | D:3      | Reached skill level 5 in Transmutations
  2690 | D:3      | Found an opulent altar of Gozag.
  2772 | D:3      | Found a shimmering altar of Xom.
  3111 | D:3      | Reached XP level 5. HP: 40/40 MP: 6/8
  3450 | D:3      | Became a worshipper of Gozag Ym Sagoz the Greedy
  3586 | D:4      | Found a bloodstained altar of Trog.
  3828 | D:4      | Reached skill level 6 in Transmutations
  3828 | D:4      | Reached XP level 6. HP: 33/47 MP: 9/9
  3833 | D:4      | Learned a level 4 spell: Ice Form
  4189 | D:4      | Reached skill level 1 in Ice Magic
  4817 | D:4      | Found a white marble altar of Elyvilon.
  5156 | D:5      | Entered Level 5 of the Dungeon
  5422 | D:5      | Noticed a water moccasin
  5571 | D:5      | Found Bougrul's Weapon Emporium.
  5579 | D:5      | Noticed a sky beast
  5581 | D:5      | Noticed Blork the orc
  5590 | D:5      | Killed a sky beast
  5591 | D:5      | Reached skill level 7 in Transmutations
  5706 | D:5      | Killed Blork the orc
  5707 | D:5      | Your scales start taking on a glossy black colour.
  5707 | D:5      | Reached XP level 7. HP: 32/52 MP: 4/10
  5707 | D:5      | Gained mutation: You are resistant to electric shocks.
                  | (rElec) [Black Draconian growth]
  6465 | D:5      | Found an iron altar of Okawaru.
  6569 | D:5      | Found a snail-covered altar of Cheibriados.
  7006 | D:6      | Reached skill level 8 in Transmutations
  7110 | D:6      | Slain by a wight

Illustrated notes

Levels and vault maps discovered:
D:1:      minmay_arrival_plants_in_alcoves, layout_basic, palyth_stone_intersect
D:2:      layout_basic, nicolae_ecumenical_oubliette, serial_corexii_hall,
          corexii_hall_statues_deadend, chequers_hall_statues_y,
          amethyst_killhole, minmay_tetromino_t2
D:3:      layout_basic, amcnicky_altar_gilded, mainiacjoe_overflow_24_doors
D:4:      layout_basic, mainiacjoe_overflow_catch_the_wave
D:5:      layout_basic, cheibriados_altar_1, lemuel_round_altar, serial_shops,
          shop_statue, uniq_blork_the_orc
D:6:      layout_gridville, nicolae_dithmenos_shadow_blocks,
          nicolae_overflow_crystal_walls, serial_undead, serial_undead_e,
          serial_undead_a, serial_undead_b, serial_undead_f,
          minmay_diced_spiral, uniq_maggie

Skill      XL: |  1  2  3  4  5  6  7 |
---------------+----------------------+-----
Transmutations | 3 4 5 6 7 8 |  8.0
Ice Magic      | 2 4 |  4.5
Fighting       | |  1.1
Dodging        | |  1.7
Unarmed Combat | |  3.0
Spellcasting   | |  2.0

Action                   |  1- 3 |  4- 6 |  7- 9 || total
-------------------------+-------+-------+-------++-------
Melee: Unarmed           |    72 |   170 |    85 ||   327
       Kick              |    14 |    32 |    31 ||    77
       Headbutt          |     8 |    22 |    14 ||    44
       Tailslap          |     5 |     8 |    15 ||    28
       Punch             |     2 |     3 |     1 ||     6
 Cast: Beastly Appendage |    21 |    30 |    10 ||    61
       Spider Form       |       |     4 |     1 ||     5
  Use: Potion            |       |       |     3 ||     3
Armor: Skin              |    21 |    38 |    23 ||    82
Dodge: Dodged            |    42 |    63 |    42 ||   147
Block: Other             |       |    25 |    21 ||    46
       Reflection        |       |     2 |       ||     2

Table legend: (Time is in decaauts)
 A = Elapsed time spent in this place.
 B = Non-inter-level travel time spent in this place.
 C = Inter-level travel time spent in this place.
 D = Time resting spent in this place.
 E = Time spent auto-exploring this place.
 F = Levels seen in this place.
 G = Mean time per level.
                   A        B        C        D        E       F      G
               +--------+--------+--------+--------+--------+-----+--------+
         Total |   7097 |   6813 |    284 |    280 |   5665 |   6 | 1182.8 |
       Dungeon |   7097 |   6813 |    284 |    280 |   5665 |   6 | 1182.8 |
               +--------+--------+--------+--------+--------+-----+--------+

Top non-repeatable levels by time:
     D:4: 1705 daAuts
     D:5: 1695 daAuts
     D:1: 1231 daAuts
     D:2: 1120 daAuts
     D:3: 1092 daAuts
     D:6: 251 daAuts
